AoeStats
← TheDayDollarDie

Hill Fort

504314849Analyzed
2v2 RM · 28d ago on Sep 4, 2026· 40m 47s· 4 players
Game mode
Random Map
Map size
Medium (4 player)
Population
200
Speed
Normal
Resources
Standard
Victory
Conquest
Starting age
Dark Age
Ending age
Imperial Age
RankedLock teamsTeams togetherTeam positionsShared explorationLock speedFull tech treeHidden civsTurbo modeCheats
Victory
Defeat
🇫🇷 Teutons · France
1065
+15
🇫🇷 Bohemians · France
1059
+16
🇩🇪 Italians · Germany
1053
-15
🇩🇪 Teutons · Germany
1053
-16
Clickmonkey
11:19 Feudal Age
13:26 Loom
16:29 Castle Age
14:35 Horse Collar
14:47 Double-Bit Axe
15:22 Gold Mining
16:55 Scale Barding Armor
17:36 Bow Saw
17:36 Heavy Plow
19:38 Husbandry
22:20 Forging
25:11 Wheelbarrow
25:36 Chain Barding Armor
26:02 Bloodlines
28:36 Iron Casting
TRex
15:02 Loom
16:48 Feudal Age
18:28 Gold Mining
18:32 Stone Mining
18:35 Double-Bit Axe
21:10 Castle Age
20:56 Forging
20:46 Scale Mail Armor
21:43 Pikeman
22:25 Squires
23:50 Padded Archer Armor
23:40 Fletching
24:06 Elite Skirmisher
25:32 Bodkin Arrow
28:39 Wheelbarrow
27:49 Town Watch
28:21 Bow Saw
28:59 Leather Archer Armor
29:21 Iron Casting
30:08 Ironclad
30:31 Hand Cart
30:16 Town Patrol
36:38 Imperial Age
34:35 Ballistics
39:50 Two-Man Saw
40:34 Hoardings
TheDayDollarDie
11:38 Feudal Age
12:18 Double-Bit Axe
13:14 Wheelbarrow
13:49 Horse Collar
19:03 Castle Age
18:26 Padded Archer Armor
21:43 Chemistry
25:41 Hand Cart
35:51 Bow Saw
39:10 Squires
38:31 Pikeman
38:57 Arson
Kestuvaffer
10:41 Feudal Age
11:19 Horse Collar
11:28 Double-Bit Axe
17:27 Castle Age
17:14 Wheelbarrow
18:17 Gold Mining
18:20 Stone Mining
18:50 Bow Saw
18:59 Town Watch
19:49 Heavy Plow
21:56 Scale Mail Armor
22:07 Forging
23:07 Hand Cart
23:35 Chain Mail Armor
26:51 Iron Casting
27:50 Squires
27:35 Arson
29:53 Stone Shaft Mining
32:47 Imperial Age
32:55 Elite Teutonic Knight
33:55 Conscription
35:06 Blast Furnace
34:36 Plate Mail Armor
35:41 Crop Rotation
Connection lost

Rejoining the realm…

Still unreachable

The connection could not be restored.

Session expired

The server has moved on; the page needs a fresh start.